 Dungeon Crawl Stone Soup version 0.29.1 (webtiles) character file.

Game seed: 6928058598962124863

315 masschaos23 the Cudgeller (level 6, 0/53 HPs)
             Began as a Hill Orc Monk on Sept 13, 2022.
             Succumbed to a water moccasin's poison
             ... on level 4 of the Dungeon.
             The game lasted 00:05:50 (3410 turns).

masschaos23 the Cudgeller (Hill Orc Monk)           Turns: 3410, Time: 00:05:51

Health: 0/53       AC:  6    Str: 20    XL:     6   Next: 44%
Magic:  6/6        EV: 12    Int: 10    God:
Gold:   203        SH:  0    Dex: 15    Spells: 5/5 levels left

rFire   . . .      SeeInvis .   d - +2 demon whip (venom)
rCold   . . .      Faith    .   (no shield)
rNeg    . . .      Spirit   .   k - +0 ring mail
rPois   .          Reflect  .   q - +0 helmet
rElec   .          Harm     .   (no cloak)
rCorr   .          Rampage  .   (no gloves)
Will    .....                   (no boots)
Stlth   +.........              (no amulet)
HPRegen 0.17/turn               f - +6 ring of strength
MPRegen 0.10/turn               (no ring)

@: lethally poisoned (0 -> -2)
A: no striking features
a: no special abilities


You were on level 4 of the Dungeon.
You visited 1 branch of the dungeon, and saw 4 of its levels.

You collected 203 gold pieces.

Inventory:

Hand Weapons
 a - a +0 hand axe
 d - a +2 demon whip of venom (weapon)
 p - a +2 dagger of speed
Missiles
 o - 6 silver boomerangs (quivered)
 x - 6 poisoned darts
Armour
 b - a +0 robe
 k - a +0 ring mail (worn)
 q - a +0 helmet (worn)
Jewellery
 f - a +6 ring of strength (left hand)
Scrolls
 h - a scroll of teleportation {unknown}
 i - a scroll of noise {unknown}
 l - a scroll of poison {unknown}
 m - 5 scrolls of identify {unknown}
 n - a scroll of enchant weapon {unknown}
 s - a scroll of blinking {unknown}
 t - a scroll of fear {unknown}
Potions
 c - a potion of ambrosia
 e - a potion of invisibility {unknown}
 g - 4 potions of degeneration {unknown}
 j - a potion of magic {unknown}
 r - a potion of haste {unknown}
 u - a potion of heal wounds {unknown}
 v - 2 potions of curing {unknown}
 w - a potion of lignification {unknown}


   Skills:
 + Level 4.7 Fighting
 - Level 4.0(5.5) Axes
 * Level 4.9(5.4) Maces & Flails
 + Level 1.3 Armour
 + Level 2.9 Dodging
 + Level 2.4 Stealth


You had 5 spell levels left.
You didn't know any spells.
Your spell library contained the following spells:

 Spells                   Type           Power      Damage    Failure   Level
 Ensorcelled Hibernation  Hex/Ice        0%         N/A       67%         2
 Passwall                 Tmut/Erth      0%         N/A       67%         2
 Spider Form              Tmut/Pois      0%         N/A       88%         3
 Swiftness                Air            0%         N/A       88%         3
 Anguish                  Hex/Necr       0%         N/A       99%         4


Dungeon Overview and Level Annotations

Branches:
Dungeon (4/15)
 Temple: D:4-7

Altars:
Fedhas


Message History

The gnoll hits you from afar with a +0 spear.
A hound comes into view.
You kill the howler monkey!
The water moccasin closely misses you. The gnoll barely misses you.
A necrophage comes into view.
The water moccasin bites you!
Your Maces & Flails skill increases to level 4!
Your Armour skill increases to level 1!
You whack the gnoll!
You kill the gnoll!
The water moccasin closely misses you.
The water moccasin completely misses you.
You whack the water moccasin!
The water moccasin is poisoned.
The water moccasin is heavily wounded.
The water moccasin bites you.
You are poisoned.
The water moccasin poisons you!
You hit the water moccasin.
The water moccasin looks as sick as possible!
The water moccasin is severely wounded.
You feel sick. The hound barely misses you. The water moccasin bites you.
* * * LOW HITPOINT WARNING * * *
You barely miss the water moccasin.
The water moccasin is almost dead.
You feel sick.
You kill the water moccasin!
The hound misses you. The hound closely misses you.
You have reached level 6!
You whack the hound!
The hound is poisoned.
The hound is almost dead.
You feel sick. The hound bites you.
* * * LOW HITPOINT WARNING * * *
The hound attacks as you move away! The hound closely misses you.
You feel sick.
You feel sick. The hound closely misses you.
The hound attacks as you move away! The hound bites you.
* * * LOW HITPOINT WARNING * * *
x2 You feel sick.
The hound attacks as you move away! The hound barely misses you.
You die...

### ### #.# #.#
#.############.###
#...........##....
#.#########.##.##.
##########.#
#.##.##.
##..PP...##>#######
#)##.##.
...P...P...@.......
#.##....
...PP_PP...........
#.#####.
...PPPP..h.........
#.#####.
....PPP)..n........
#.......
...................
########
......)............
..?.....†.........>
..............#....
..............#.##


You could see a necrophage and a hound (very poisoned).

Vanquished Creatures
  A water moccasin (D:4)
  A bullfrog (D:3)
  A howler monkey (D:4)
  A gnoll (D:4)
  5 adders
  3 worms (D:2)
  5 orcs (D:3)
  4 ball pythons
  4 endoplasms
  5 goblins
  A hobgoblin (D:3)
  2 jackals (D:3)
  5 kobolds
  2 quokkas
  2 bats (D:2)
  2 frilled lizards
  4 rats
48 creatures vanquished.

Vanquished Creatures (others)
  A plant (D:1)
1 creature vanquished.

Grand Total: 49 creatures vanquished

Notes
Turn   | Place    | Note
-------+----------+-------------------------------------------
     0 | D:1      | masschaos23 the Hill Orc Monk began the quest for the Orb.
     0 | D:1      | Reached XP level 1. HP: 19/19 MP: 1/1
   706 | D:1      | Reached XP level 2. HP: 27/27 MP: 2/2
   845 | D:1      | Found a faded altar of an unknown god.
   919 | D:2      | Reached skill level 1 in Maces & Flails
  1082 | D:2      | Reached XP level 3. HP: 19/33 MP: 3/3
  1585 | D:2      | Reached XP level 4. HP: 40/40 MP: 4/4
  2485 | D:3      | Noticed a bullfrog
  2492 | D:3      | Killed a bullfrog
  2493 | D:3      | Reached XP level 5. HP: 38/47 MP: 5/5
  3388 | D:4      | Found a blossoming altar of Fedhas.
  3393 | D:4      | Noticed a water moccasin
  3401 | D:4      | Reached skill level 1 in Armour
  3405 | D:4      | Killed a water moccasin
  3406 | D:4      | Reached XP level 6. HP: 10/53 MP: 6/6
  3409 | D:4      | HP: 2/53 [hound (4)]
  3410 | D:4      | Succumbed to a water moccasin's poison

Illustrated notes

Levels and vault maps discovered:
D:1:      grunt_arrival_crossed_arrows, layout_basic,
          dilly_ecumenical_altar_fadedgnrine
D:2:      layout_basic, serial_rivers, chequers_serial_rivers_small_3,
          chequers_serial_rivers_room_b, chequers_serial_rivers_large_a,
          chequers_serial_rivers_micro_b, chequers_serial_rivers_micro_c,
          amethyst_killhole
D:3:      layout_basic, kennysheep_generic_room_15
D:4:      layout_basic, fedhas_altar_3, palyth_stone_intersect, uniq_sigmund

Skill      XL: |  1  2  3  4  5 |
---------------+----------------+-----
Fighting       | 4 |  4.7
Maces & Flails | 1 2 3 4 |  4.9
Stealth        | 2 |  2.4
Armour         | 1 |  1.3
Axes           | |  4.0
Dodging        | |  2.9

Action                   |  1- 3 |  4- 6 || total
-------------------------+-------+-------++-------
Melee: Demon whip        |    49 |    67 ||   116
       Hand axe          |     2 |       ||     2
       Punch             |     2 |       ||     2
 Stab: Sleeping          |     5 |     3 ||     8
Armor: Robe              |     5 |     5 ||    10
       Ring mail         |       |    11 ||    11
Dodge: Dodged            |    25 |    36 ||    61
